Panthers vs Sabres

Created - April 11 2010 at 13:06

Goals
1 2 3 T
Panthers 2 1 2 5
Sabres 0 2 1 3
Shots
1 2 3 T
Panthers 9 6 8 23
Sabres 6 11 13 30

Period #1

1. Panthers , Bryan Little 1 (Anze Kopitar, Brian Rafalski) at 9:54
2. Panthers , Stephane Robidas 1 (Andrew Brunette, Aaron Johnson) at 19:21 (PP)

Penalties :
Stephane Robidas (FLA) for Hooking (Minor) at 3:17, Zdeno Chara (BUF) for Charging (Minor) at 5:50, Henrik Zetterberg (BUF) for Goalie Interference (Minor) at 9:35, Andrew Brunette (FLA) for Slashing (Minor) at 9:35, Tuomo Ruutu (BUF) for Unsportsmanlike conduct (Major / Game Misconduct) at 14:40

Period #2

3. Panthers , Anze Kopitar 2 (Brian Rafalski) at 0:06
4. Sabres , Niklas Kronwall 1 (Mike Richards, Dennis Wideman) at 3:14
5. Sabres , Mike Richards 2 (Martin Havlat, Nicklas Lidstrom) at 4:36 (PP)

Penalties :
Jiri Hudler (FLA) for Hooking (Minor) at 0:12, Josh Gorges (FLA) for Hooking (Minor) at 3:32, Niklas Kronwall (BUF) for Hooking (Minor) at 6:42, Mike Richards (BUF) for Hooking (Minor) at 13:32

Period #3

6. Panthers , Andrew Brunette 1 (Rich Peverley, Jiri Hudler) at 7:59
7. Sabres , Paul Gaustad 1 (Henrik Zetterberg, Marc Savard) at 17:54
8. Panthers , Anze Kopitar 3 (Brian Rafalski, Brad Stuart) at 19:32 (Empty Net)

Penalties :
Niklas Kronwall (BUF) for Interference (Minor) at 1:00, Zdeno Chara (BUF) for Tripping (Minor) at 2:42, Anze Kopitar (FLA) for Interference (Minor) at 5:29, Niklas Kronwall (BUF) for Hooking (Minor) at 11:02, Anze Kopitar (FLA) for High sticking (Minor) at 15:47

Goalie Stats

Rick Dipietro (FLA), 27 saves from 30 shots - (0.900), W, 1-1-0, 60:00 minutes
Ryan Miller (BUF), 18 saves from 22 shots - (0.818), L, 1-1-0, 59:52 minutes

Players Stats

Panthers
Player Name              G  A  P  +/- PIM S  H  SB FO    MP 
------------------------------------------------------------
Aaron Johnson            0  1  1   0  0   0  1  0  0/0   17 
Alexander Frolov         0  0  0   1  0   4  1  0  0/0   22 
Andrew Brunette          1  1  2   0  2   4  2  0  0/2   17 
Anze Kopitar             2  1  3   2  4   2  5  1  11/25 21 
Brad Stuart              0  1  1   1  0   1  1  3  0/0   15 
Brian Rafalski           0  3  3   2  0   3  0  0  0/0   21 
Bryan Little             1  0  1   2  0   3  1  0  1/1   18 
Fabian Brunnstrom        0  0  0   0  0   0  0  0  0/1   13 
Frans Nielsen            0  0  0   0  0   0  0  0  7/23  14 
Jason Chimera            0  0  0   0  0   0  2  0  0/1   15 
Jiri Hudler              0  1  1   0  2   1  2  1  0/0   17 
Josh Gorges              0  0  0   0  2   0  0  1  0/0   19 
Marc-Andre Bergeron      0  0  0   1  0   0  0  1  0/0   21 
Marcel Goc               0  0  0   0  0   0  1  1  3/9   10 
Maxim Afinogenov         0  0  0   0  0   0  0  0  0/0   7  
Rich Peverley            0  1  1   0  0   2  0  0  8/20  17 
Stephane Robidas         1  0  1   0  2   3  1  1  0/0   21 
Todd Bertuzzi            0  0  0   0  0   0  0  0  0/0   6  
Sabres
Player Name              G  A  P  +/- PIM S  H  SB FO    MP 
------------------------------------------------------------
Andy Sutton              0  0  0  -1  0   0  3  1  0/0   13 
Ben Guite                0  0  0   0  0   1  0  0  1/1   5  
Dennis Wideman           0  1  1   1  0   3  0  0  0/0   21 
Dmitri Kalinin           0  0  0   0  0   0  0  0  0/0   5  
Henrik Zetterberg        0  1  1  -1  2   2  0  0  11/19 22 
Johan Franzen            0  0  0  -3  0   3  2  0  2/4   20 
Kim Johnsson             0  0  0  -1  0   0  0  0  0/0   18 
Kris Versteeg            0  0  0  -1  0   1  1  0  1/1   20 
Marc Savard              0  1  1  -2  0   3  0  0  13/22 16 
Martin Havlat            0  1  1   1  0   2  0  0  1/2   18 
Martin St. Louis         0  0  0   0  0   3  0  1  3/3   23 
Mike Richards            1  1  2   1  2   3  1  2  19/28 23 
Nicklas Lidstrom         0  1  1  -2  0   2  1  0  0/0   20 
Niklas Kronwall          1  0  1   1  6   4  4  1  0/0   19 
Paul Gaustad             1  0  1   0  0   1  5  1  0/1   10 
Rob Niedermayer          0  0  0   0  0   0  0  0  0/0   0  
Tuomo Ruutu              0  0  0   0  15  1  0  0  1/1   5  
Zdeno Chara              0  0  0  -2  4   1  2  3  0/0   22 

3 Stars

1 - Anze Kopitar (FLA)
2 - Brian Rafalski (FLA)
3 - Paul Gaustad (BUF)

Power Play

Panthers - 1 on 7 Attempt(s) - 14.29%
Sabres - 1 on 5 Attempt(s) - 20.00%

Penalty Kill

Panthers - 4 on 5 Attempt(s) - 80.00% - Score 0 goal in Penalty Kill
Sabres - 6 on 7 Attempt(s) - 85.71% - Score 0 goal in Penalty Kill

Game Notes

Tuomo Ruutu ejected from game at 14:40 of 1st period
Anze Kopitar has scored in a empty net!

Finance

Level 1 -- Attendance: 6500 (100.00%) -- Ticket Income $585,000.00
Level 2 -- Attendance: 4443 (88.86%) -- Ticket Income $266,580.00
Level 3 -- Attendance: 3020 (86.29%) -- Ticket Income $117,780.00
Level 4 -- Attendance: 2073 (77.06%) -- Ticket Income $51,825.00
Luxury Box -- Attendance: 1000 (100.00%) -- Ticket Income $191,000.00
Game was played at the HSBC Arena
Total Attendance: 17036 (91.15%)
Total Ticket Income: $1,220,617.00
Other Income: $366,184.95
Total Income: $1,586,801.00


Play by Play

Period #1

0:01 of 1st period - Anze Kopitar wins face-off versus Henrik Zetterberg in neutral zone.
0:09 of 1st period - Shot by Alexander Frolov.
0:09 of 1st period - Stopped by Ryan Miller without a rebound.
0:10 of 1st period - Mike Richards wins face-off versus Rich Peverley in Sabres zone.
0:32 of 1st period - Icing by Stephane Robidas.
0:33 of 1st period - Rich Peverley wins face-off versus Henrik Zetterberg in Panthers zone.
2:04 of 1st period - Shot by Tuomo Ruutu.
2:04 of 1st period - Stopped by Rick Dipietro without a rebound.
2:05 of 1st period - Tuomo Ruutu wins face-off versus Frans Nielsen in Panthers zone.
3:16 of 1st period - Shot by Johan Franzen.
3:16 of 1st period - Stopped by Rick Dipietro with a rebound.
3:17 of 1st period - Minor Penalty to Stephane Robidas for Hooking.
3:18 of 1st period - Mike Richards wins face-off versus Frans Nielsen in Panthers zone.
3:34 of 1st period - Shot by Nicklas Lidstrom.
3:34 of 1st period - Shot Misses the Net.
3:36 of 1st period - Shot by Nicklas Lidstrom.
3:36 of 1st period - Shot Blocked by Brad Stuart.
3:38 of 1st period - Shot by Zdeno Chara.
3:38 of 1st period - Deflect By Martin Havlat.
3:38 of 1st period - Stopped by Rick Dipietro without a rebound.
3:39 of 1st period - Marcel Goc wins face-off versus Johan Franzen in Panthers zone.
3:45 of 1st period - Icing by Mike Richards.
3:46 of 1st period - Mike Richards wins face-off versus Marcel Goc in Sabres zone.
3:59 of 1st period - Shot by Johan Franzen.
3:59 of 1st period - Shot Misses the Net.
4:01 of 1st period - Shot by Mike Richards.
4:01 of 1st period - Shot Blocked by Josh Gorges.
4:05 of 1st period - Shot by Nicklas Lidstrom.
4:05 of 1st period - Stopped by Rick Dipietro without a rebound.
4:06 of 1st period - Frans Nielsen wins face-off versus Marc Savard in Panthers zone.
5:36 of 1st period - Jiri Hudler is hit by Zdeno Chara and loses puck.
5:50 of 1st period - Minor Penalty to Zdeno Chara for Charging.
5:51 of 1st period - Mike Richards wins face-off versus Anze Kopitar in Sabres zone.
6:11 of 1st period - Icing by Brian Rafalski.
6:12 of 1st period - Mike Richards wins face-off versus Anze Kopitar in Panthers zone.
6:12 of 1st period - Mike Richards is hit by Jiri Hudler.
6:35 of 1st period - Icing by Bryan Little.
6:36 of 1st period - Mike Richards wins face-off versus Anze Kopitar in Panthers zone.
7:56 of 1st period - Shot by Marc Savard.
7:56 of 1st period - Stopped by Rick Dipietro without a rebound.
7:57 of 1st period - Marc Savard wins face-off versus Marcel Goc in Panthers zone.
8:31 of 1st period - Icing by Kris Versteeg.
8:32 of 1st period - Anze Kopitar wins face-off versus Marc Savard in Sabres zone.
8:43 of 1st period - Shot by Alexander Frolov.
8:43 of 1st period - Shot Blocked by Andy Sutton.
8:45 of 1st period - Shot by Brad Stuart.
8:45 of 1st period - Shot Hit the Post.
8:47 of 1st period - Shot by Bryan Little.
8:47 of 1st period - Stopped by Ryan Miller with a rebound.
8:51 of 1st period - Shot by Alexander Frolov.
8:51 of 1st period - Deflect By Bryan Little.
8:51 of 1st period - Shot Misses the Net.
8:59 of 1st period - Shot by Alexander Frolov.
8:59 of 1st period - Stopped by Ryan Miller without a rebound.
9:00 of 1st period - Henrik Zetterberg wins face-off versus Frans Nielsen in Sabres zone.
9:04 of 1st period - Nicklas Lidstrom is hit by Jason Chimera and loses puck.
9:35 of 1st period - Minor Penalty to Henrik Zetterberg for Goalie Interference.
9:35 of 1st period - Minor Penalty to Andrew Brunette for Slashing.
9:36 of 1st period - Anze Kopitar wins face-off versus Marc Savard in neutral zone.
9:38 of 1st period - Off-side.
9:39 of 1st period - Anze Kopitar wins face-off versus Marc Savard in neutral zone.
9:52 of 1st period - Shot by Anze Kopitar.
9:52 of 1st period - Shot Misses the Net.
9:54 of 1st period - Shot by Bryan Little.
9:54 of 1st period - Goal by Bryan Little - Panthers : 1 - Sabres : 0.
9:55 of 1st period - Mike Richards wins face-off versus Rich Peverley in neutral zone.
11:35 of 1st period - Shot by Martin St. Louis.
11:35 of 1st period - Stopped by Rick Dipietro without a rebound.
11:36 of 1st period - Frans Nielsen wins face-off versus Mike Richards in Panthers zone.
13:56 of 1st period - Icing by Dmitri Kalinin.
13:57 of 1st period - Anze Kopitar wins face-off versus Paul Gaustad in Sabres zone.
14:14 of 1st period - Anze Kopitar is hit by Andy Sutton and loses puck.
14:32 of 1st period - Bryan Little is hit by Andy Sutton and loses puck.
14:40 of 1st period - Major / Game Misconduct Penalty to Tuomo Ruutu for Unsportsmanlike conduct.
14:40 of 1st period - Tuomo Ruutu is ejected from game.
14:41 of 1st period - Rich Peverley wins face-off versus Mike Richards in Sabres zone.
15:38 of 1st period - Shot by Alexander Frolov.
15:38 of 1st period - Stopped by Ryan Miller without a rebound.
15:39 of 1st period - Johan Franzen wins face-off versus Rich Peverley in Sabres zone.
16:08 of 1st period - Shot by Jiri Hudler.
16:08 of 1st period - Shot Blocked by Martin St. Louis.
17:56 of 1st period - Shot by Andrew Brunette.
17:56 of 1st period - Shot Misses the Net.
17:58 of 1st period - Shot by Stephane Robidas.
17:58 of 1st period - Shot Misses the Net.
18:02 of 1st period - Shot by Alexander Frolov.
18:02 of 1st period - Shot Blocked by Zdeno Chara.
18:06 of 1st period - Shot by Rich Peverley.
18:06 of 1st period - Shot Misses the Net.
18:08 of 1st period - Shot by Jiri Hudler.
18:08 of 1st period - Stopped by Ryan Miller without a rebound.
18:09 of 1st period - Henrik Zetterberg wins face-off versus Anze Kopitar in Sabres zone.
18:26 of 1st period - Shot by Brian Rafalski.
18:26 of 1st period - Stopped by Ryan Miller with a rebound.
18:30 of 1st period - Shot by Anze Kopitar.
18:30 of 1st period - Shot Blocked by Mike Richards.
19:17 of 1st period - Shot by Andrew Brunette.
19:17 of 1st period - Stopped by Ryan Miller with a rebound.
19:21 of 1st period - Shot by Stephane Robidas.
19:21 of 1st period - Goal by Stephane Robidas - Panthers : 2 - Sabres : 0.
19:22 of 1st period - Mike Richards wins face-off versus Frans Nielsen in neutral zone.

Period #2

0:01 of 2nd period - Anze Kopitar wins face-off versus Henrik Zetterberg in neutral zone.
0:06 of 2nd period - Shot by Anze Kopitar.
0:06 of 2nd period - Goal by Anze Kopitar - Panthers : 3 - Sabres : 0.
0:07 of 2nd period - Mike Richards wins face-off versus Andrew Brunette in neutral zone.
0:07 of 2nd period - Mike Richards is hit by Andrew Brunette.
0:12 of 2nd period - Minor Penalty to Jiri Hudler for Hooking.
0:13 of 2nd period - Marc Savard wins face-off versus Marcel Goc in Panthers zone.
0:16 of 2nd period - Shot by Mike Richards.
0:16 of 2nd period - Shot Misses the Net.
0:20 of 2nd period - Shot by Mike Richards.
0:20 of 2nd period - Shot Misses the Net.
0:22 of 2nd period - Shot by Marc Savard.
0:22 of 2nd period - Shot Blocked by Marcel Goc.
2:36 of 2nd period - Shot by Kris Versteeg.
2:36 of 2nd period - Stopped by Rick Dipietro without a rebound.
2:37 of 2nd period - Rich Peverley wins face-off versus Henrik Zetterberg in Panthers zone.
2:58 of 2nd period - Shot by Henrik Zetterberg.
2:58 of 2nd period - Stopped by Rick Dipietro without a rebound.
2:59 of 2nd period - Mike Richards wins face-off versus Anze Kopitar in Panthers zone.
3:04 of 2nd period - Shot by Dennis Wideman.
3:04 of 2nd period - Shot Blocked by Brad Stuart.
3:12 of 2nd period - Shot by Mike Richards.
3:12 of 2nd period - Shot Misses the Net.
3:14 of 2nd period - Shot by Niklas Kronwall.
3:14 of 2nd period - Goal by Niklas Kronwall - Panthers : 3 - Sabres : 1.
3:15 of 2nd period - Marc Savard wins face-off versus Frans Nielsen in neutral zone.
3:21 of 2nd period - Marc Savard is hit by Aaron Johnson and loses puck.
3:30 of 2nd period - Shot by Marc Savard.
3:30 of 2nd period - Shot Misses the Net.
3:32 of 2nd period - Shot by Marc Savard.
3:32 of 2nd period - Stopped by Rick Dipietro without a rebound.
3:32 of 2nd period - Minor Penalty to Josh Gorges for Hooking.
3:33 of 2nd period - Marc Savard wins face-off versus Marcel Goc in Panthers zone.
3:34 of 2nd period - Shot by Dennis Wideman.
3:34 of 2nd period - Shot Blocked by Marc-Andre Bergeron.
3:36 of 2nd period - Shot by Mike Richards.
3:36 of 2nd period - Shot Misses the Net.
3:38 of 2nd period - Shot by Dennis Wideman.
3:38 of 2nd period - Stopped by Rick Dipietro with a rebound.
3:40 of 2nd period - Shot by Marc Savard.
3:40 of 2nd period - Deflect By Martin St. Louis.
3:40 of 2nd period - Stopped by Rick Dipietro without a rebound.
3:41 of 2nd period - Frans Nielsen wins face-off versus Henrik Zetterberg in Panthers zone.
4:34 of 2nd period - Shot by Mike Richards.
4:34 of 2nd period - Stopped by Rick Dipietro with a rebound.
4:36 of 2nd period - Shot by Mike Richards.
4:36 of 2nd period - Goal by Mike Richards - Panthers : 3 - Sabres : 2.
4:37 of 2nd period - Marcel Goc wins face-off versus Marc Savard in neutral zone.
5:27 of 2nd period - Icing by Josh Gorges.
5:28 of 2nd period - Anze Kopitar wins face-off versus Johan Franzen in Panthers zone.
6:03 of 2nd period - Shot by Jason Chimera.
6:03 of 2nd period - Shot Blocked by Zdeno Chara.
6:10 of 2nd period - Off-side.
6:11 of 2nd period - Mike Richards wins face-off versus Rich Peverley in neutral zone.
6:24 of 2nd period - Shot by Jiri Hudler.
6:24 of 2nd period - Shot Blocked by Niklas Kronwall.
6:32 of 2nd period - Stephane Robidas is hit by Paul Gaustad and loses puck.
6:42 of 2nd period - Minor Penalty to Niklas Kronwall for Hooking.
6:43 of 2nd period - Henrik Zetterberg wins face-off versus Anze Kopitar in Sabres zone.
6:43 of 2nd period - Henrik Zetterberg is hit by Anze Kopitar.
6:56 of 2nd period - Anze Kopitar is hit by Zdeno Chara and loses puck.
7:54 of 2nd period - Shot by Rich Peverley.
7:54 of 2nd period - Shot Misses the Net.
7:56 of 2nd period - Shot by Stephane Robidas.
7:56 of 2nd period - Stopped by Ryan Miller without a rebound.
7:57 of 2nd period - Bryan Little wins face-off versus Mike Richards in Sabres zone.
8:06 of 2nd period - Shot by Brian Rafalski.
8:06 of 2nd period - Stopped by Ryan Miller without a rebound.
8:07 of 2nd period - Mike Richards wins face-off versus Rich Peverley in Sabres zone.
9:45 of 2nd period - Shot by Henrik Zetterberg.
9:45 of 2nd period - Shot Misses the Net.
9:53 of 2nd period - Dennis Wideman is hit by Anze Kopitar and loses puck.
10:28 of 2nd period - Icing by Alexander Frolov.
10:29 of 2nd period - Martin St. Louis wins face-off versus Andrew Brunette in Panthers zone.
11:08 of 2nd period - Icing by Aaron Johnson.
11:09 of 2nd period - Frans Nielsen wins face-off versus Marc Savard in Panthers zone.
11:09 of 2nd period - Fabian Brunnstrom is hit by Paul Gaustad and loses puck.
11:28 of 2nd period - Shot by Marc Savard.
11:28 of 2nd period - Stopped by Rick Dipietro without a rebound.
11:29 of 2nd period - Henrik Zetterberg wins face-off versus Rich Peverley in Panthers zone.
11:30 of 2nd period - Shot by Nicklas Lidstrom.
11:30 of 2nd period - Stopped by Rick Dipietro without a rebound.
11:31 of 2nd period - Rich Peverley wins face-off versus Henrik Zetterberg in Panthers zone.
11:53 of 2nd period - Shot by Rich Peverley.
11:53 of 2nd period - Stopped by Ryan Miller without a rebound.
11:54 of 2nd period - Anze Kopitar wins face-off versus Mike Richards in Sabres zone.
12:12 of 2nd period - Brad Stuart is hit by Paul Gaustad and loses puck.
12:32 of 2nd period - Off-side.
12:33 of 2nd period - Frans Nielsen wins face-off versus Marc Savard in neutral zone.
12:49 of 2nd period - Off-side.
12:50 of 2nd period - Henrik Zetterberg wins face-off versus Rich Peverley in neutral zone.
13:32 of 2nd period - Minor Penalty to Mike Richards for Hooking.
13:33 of 2nd period - Ben Guite wins face-off versus Anze Kopitar in Sabres zone.
13:33 of 2nd period - Ben Guite is hit by Anze Kopitar.
13:49 of 2nd period - Shot by Brian Rafalski.
13:49 of 2nd period - Stopped by Ryan Miller without a rebound.
13:50 of 2nd period - Rich Peverley wins face-off versus Martin Havlat in Sabres zone.
15:52 of 2nd period - Icing by Frans Nielsen.
15:53 of 2nd period - Frans Nielsen wins face-off versus Mike Richards in Panthers zone.
15:53 of 2nd period - Frans Nielsen is hit by Johan Franzen.
16:36 of 2nd period - Shot by Alexander Frolov.
16:36 of 2nd period - Stopped by Ryan Miller with a rebound.
17:44 of 2nd period - Off-side.
17:45 of 2nd period - Marc Savard wins face-off versus Rich Peverley in neutral zone.
18:01 of 2nd period - Rich Peverley is hit by Andy Sutton and loses puck.
18:28 of 2nd period - Off-side.
18:29 of 2nd period - Henrik Zetterberg wins face-off versus Jason Chimera in neutral zone.
18:48 of 2nd period - Frans Nielsen is hit by Paul Gaustad and loses puck.
18:59 of 2nd period - Aaron Johnson is hit by Paul Gaustad.
19:31 of 2nd period - Shot by Martin Havlat.
19:31 of 2nd period - Shot Misses the Net.
19:33 of 2nd period - Shot by Mike Richards.
19:33 of 2nd period - Shot Blocked by Jiri Hudler.
19:35 of 2nd period - Shot by Mike Richards.
19:35 of 2nd period - Shot Misses the Net.
19:39 of 2nd period - Shot by Mike Richards.
19:39 of 2nd period - Shot Blocked by Stephane Robidas.
19:41 of 2nd period - Shot by Dennis Wideman.
19:41 of 2nd period - Stopped by Rick Dipietro without a rebound.
19:42 of 2nd period - Marc Savard wins face-off versus Rich Peverley in Panthers zone.
19:49 of 2nd period - Shot by Mike Richards.
19:49 of 2nd period - Shot Misses the Net.
19:53 of 2nd period - Shot by Martin St. Louis.
19:53 of 2nd period - Shot Blocked by Anze Kopitar.

Period #3

0:01 of 3rd period - Anze Kopitar wins face-off versus Henrik Zetterberg in neutral zone.
0:01 of 3rd period - Anze Kopitar is hit by Johan Franzen.
0:31 of 3rd period - Shot by Martin St. Louis.
0:31 of 3rd period - Stopped by Rick Dipietro without a rebound.
0:32 of 3rd period - Rich Peverley wins face-off versus Mike Richards in Panthers zone.
0:32 of 3rd period - Rich Peverley is hit by Mike Richards.
0:43 of 3rd period - Rich Peverley is hit by Niklas Kronwall and loses puck.
0:51 of 3rd period - Rich Peverley is hit by Niklas Kronwall and loses puck.
0:54 of 3rd period - Shot by Andrew Brunette.
0:54 of 3rd period - Shot Misses the Net.
0:56 of 3rd period - Shot by Jiri Hudler.
0:56 of 3rd period - Shot Blocked by Paul Gaustad.
1:00 of 3rd period - Shot by Andrew Brunette.
1:00 of 3rd period - Stopped by Ryan Miller without a rebound.
1:00 of 3rd period - Minor Penalty to Niklas Kronwall for Interference.
1:01 of 3rd period - Mike Richards wins face-off versus Anze Kopitar in Sabres zone.
2:01 of 3rd period - Shot by Stephane Robidas.
2:01 of 3rd period - Stopped by Ryan Miller with a rebound.
2:07 of 3rd period - Shot by Jiri Hudler.
2:07 of 3rd period - Shot Blocked by Mike Richards.
2:37 of 3rd period - Shot by Brian Rafalski.
2:37 of 3rd period - Shot Blocked by Zdeno Chara.
2:39 of 3rd period - Shot by Brian Rafalski.
2:39 of 3rd period - Shot Misses the Net.
2:41 of 3rd period - Shot by Anze Kopitar.
2:41 of 3rd period - Deflect By Bryan Little.
2:41 of 3rd period - Stopped by Ryan Miller with a rebound.
2:42 of 3rd period - Minor Penalty to Zdeno Chara for Tripping.
2:43 of 3rd period - Henrik Zetterberg wins face-off versus Rich Peverley in Sabres zone.
2:43 of 3rd period - Henrik Zetterberg is hit by Jiri Hudler.
3:23 of 3rd period - Icing by Josh Gorges.
3:24 of 3rd period - Henrik Zetterberg wins face-off versus Rich Peverley in Panthers zone.
4:29 of 3rd period - Off-side.
4:30 of 3rd period - Henrik Zetterberg wins face-off versus Anze Kopitar in neutral zone.
4:49 of 3rd period - Marc-Andre Bergeron is hit by Kris Versteeg and loses puck.
5:21 of 3rd period - Todd Bertuzzi is hit by Nicklas Lidstrom and loses puck.
5:29 of 3rd period - Minor Penalty to Anze Kopitar for Interference.
5:30 of 3rd period - Marc Savard wins face-off versus Frans Nielsen in Panthers zone.
5:39 of 3rd period - Shot by Dennis Wideman.
5:39 of 3rd period - Shot Misses the Net.
5:41 of 3rd period - Shot by Niklas Kronwall.
5:41 of 3rd period - Stopped by Rick Dipietro without a rebound.
5:42 of 3rd period - Marc Savard wins face-off versus Frans Nielsen in Panthers zone.
5:49 of 3rd period - Shot by Johan Franzen.
5:49 of 3rd period - Stopped by Rick Dipietro without a rebound.
5:50 of 3rd period - Mike Richards wins face-off versus Frans Nielsen in Panthers zone.
6:40 of 3rd period - Icing by Dennis Wideman.
6:41 of 3rd period - Martin St. Louis wins face-off versus Frans Nielsen in Sabres zone.
6:51 of 3rd period - Shot by Niklas Kronwall.
6:51 of 3rd period - Stopped by Rick Dipietro without a rebound.
6:52 of 3rd period - Marc Savard wins face-off versus Marcel Goc in Panthers zone.
7:00 of 3rd period - Icing by Martin St. Louis.
7:01 of 3rd period - Martin St. Louis wins face-off versus Frans Nielsen in Sabres zone.
7:11 of 3rd period - Off-side.
7:12 of 3rd period - Mike Richards wins face-off versus Frans Nielsen in neutral zone.
7:27 of 3rd period - Nicklas Lidstrom is hit by Marcel Goc and loses puck.
7:33 of 3rd period - Icing by Kim Johnsson.
7:34 of 3rd period - Rich Peverley wins face-off versus Henrik Zetterberg in Sabres zone.
7:55 of 3rd period - Shot by Andrew Brunette.
7:55 of 3rd period - Shot Misses the Net.
7:59 of 3rd period - Shot by Andrew Brunette.
7:59 of 3rd period - Goal by Andrew Brunette - Panthers : 4 - Sabres : 2.
8:00 of 3rd period - Anze Kopitar wins face-off versus Mike Richards in neutral zone.
8:03 of 3rd period - Mike Richards is hit by Alexander Frolov and loses puck.
8:48 of 3rd period - Icing by Henrik Zetterberg.
8:49 of 3rd period - Henrik Zetterberg wins face-off versus Frans Nielsen in Sabres zone.
9:02 of 3rd period - Shot by Henrik Zetterberg.
9:02 of 3rd period - Stopped by Rick Dipietro without a rebound.
9:03 of 3rd period - Rich Peverley wins face-off versus Marc Savard in Panthers zone.
10:10 of 3rd period - Shot by Martin Havlat.
10:10 of 3rd period - Stopped by Rick Dipietro with a rebound.
10:15 of 3rd period - Jason Chimera is hit by Niklas Kronwall and loses puck.
10:37 of 3rd period - Fabian Brunnstrom is hit by Niklas Kronwall.
10:50 of 3rd period - Mike Richards is hit by Brad Stuart and loses puck.
11:02 of 3rd period - Minor Penalty to Niklas Kronwall for Hooking.
11:03 of 3rd period - Kris Versteeg wins face-off versus Anze Kopitar in Sabres zone.
12:02 of 3rd period - Shot by Rich Peverley.
12:02 of 3rd period - Stopped by Ryan Miller without a rebound.
12:03 of 3rd period - Mike Richards wins face-off versus Anze Kopitar in Sabres zone.
12:28 of 3rd period - Kim Johnsson is hit by Anze Kopitar and loses puck.
13:03 of 3rd period - Shot by Andrew Brunette.
13:03 of 3rd period - Stopped by Ryan Miller without a rebound.
13:04 of 3rd period - Marcel Goc wins face-off versus Marc Savard in Sabres zone.
14:04 of 3rd period - Dennis Wideman is hit by Jason Chimera and loses puck.
15:07 of 3rd period - Shot by Johan Franzen.
15:07 of 3rd period - Stopped by Rick Dipietro with a rebound.
15:11 of 3rd period - Shot by Johan Franzen.
15:11 of 3rd period - Shot Misses the Net.
15:13 of 3rd period - Shot by Ben Guite.
15:13 of 3rd period - Stopped by Rick Dipietro with a rebound.
15:15 of 3rd period - Shot by Nicklas Lidstrom.
15:15 of 3rd period - Shot Hit the Post.
15:36 of 3rd period - Icing by Marc-Andre Bergeron.
15:37 of 3rd period - Martin Havlat wins face-off versus Marcel Goc in Panthers zone.
15:47 of 3rd period - Minor Penalty to Anze Kopitar for High sticking.
15:48 of 3rd period - Marc Savard wins face-off versus Frans Nielsen in Panthers zone.
15:49 of 3rd period - Shot by Zdeno Chara.
15:49 of 3rd period - Stopped by Rick Dipietro without a rebound.
15:50 of 3rd period - Marc Savard wins face-off versus Frans Nielsen in Panthers zone.
15:51 of 3rd period - Shot by Niklas Kronwall.
15:51 of 3rd period - Stopped by Rick Dipietro without a rebound.
15:52 of 3rd period - Marc Savard wins face-off versus Frans Nielsen in Panthers zone.
15:59 of 3rd period - Shot by Dennis Wideman.
15:59 of 3rd period - Stopped by Rick Dipietro without a rebound.
16:00 of 3rd period - Marc Savard wins face-off versus Frans Nielsen in Panthers zone.
16:01 of 3rd period - Shot by Dennis Wideman.
16:01 of 3rd period - Shot Misses the Net.
16:03 of 3rd period - Shot by Paul Gaustad.
16:03 of 3rd period - Shot Misses the Net.
16:05 of 3rd period - Shot by Niklas Kronwall.
16:05 of 3rd period - Shot Blocked by Brad Stuart.
16:07 of 3rd period - Shot by Niklas Kronwall.
16:07 of 3rd period - Shot Misses the Net.
16:20 of 3rd period - Martin St. Louis is hit by Stephane Robidas and loses puck.
16:50 of 3rd period - Off-side.
16:51 of 3rd period - Mike Richards wins face-off versus Fabian Brunnstrom in neutral zone.
16:54 of 3rd period - Shot by Nicklas Lidstrom.
16:54 of 3rd period - Shot Misses the Net.
16:56 of 3rd period - Shot by Zdeno Chara.
16:56 of 3rd period - Shot Misses the Net.
16:58 of 3rd period - Shot by Mike Richards.
16:58 of 3rd period - Stopped by Rick Dipietro without a rebound.
16:59 of 3rd period - Frans Nielsen wins face-off versus Mike Richards in Panthers zone.
17:54 of 3rd period - Shot by Henrik Zetterberg.
17:54 of 3rd period - Deflect By Paul Gaustad.
17:54 of 3rd period - Goal by Paul Gaustad - Panthers : 4 - Sabres : 3.
17:55 of 3rd period - Anze Kopitar wins face-off versus Mike Richards in neutral zone.
17:57 of 3rd period - Off-side.
17:58 of 3rd period - Mike Richards wins face-off versus Rich Peverley in neutral zone.
18:23 of 3rd period - Niklas Kronwall is hit by Andrew Brunette and loses puck.
18:37 of 3rd period - Icing by Niklas Kronwall.
18:38 of 3rd period - Mike Richards wins face-off versus Anze Kopitar in Sabres zone.
18:38 of 3rd period - Mike Richards is hit by Bryan Little.
18:55 of 3rd period - Martin St. Louis is hit by Anze Kopitar and loses puck.
19:16 of 3rd period - Shot by Alexander Frolov.
19:16 of 3rd period - Shot Misses the Net.
19:18 of 3rd period - Shot by Brad Stuart.
19:18 of 3rd period - Stopped by Ryan Miller without a rebound.
19:19 of 3rd period - Johan Franzen wins face-off versus Anze Kopitar in Sabres zone.
19:24 of 3rd period - Sabres, Ryan Miller is pulled from the net.
19:32 of 3rd period - Shot by Anze Kopitar.
19:32 of 3rd period - Goal by Anze Kopitar - Panthers : 5 - Sabres : 3.
19:32 of 3rd period - Ryan Miller from Sabres was sent back in the game.
19:33 of 3rd period - Henrik Zetterberg wins face-off versus Anze Kopitar in neutral zone.


Output by the SimonT Hockey Simulator (STHS) for Stephane Roy -- Original Page W3C XHTML 1.0 Valid